AoeStats
← tobesch

Arabian Desert

508913726Analyzed
1v1 RM · 7d ago on Sep 24, 2026· 37m 27s· 2 players
Game mode
Random Map
Map size
Tiny (2 player)
Population
200
Speed
Normal
Resources
Standard
Victory
Conquest
Starting age
Dark Age
Ending age
Imperial Age
RankedLock teamsTeams togetherTeam positionsShared explorationLock speedFull tech treeHidden civsTurbo modeCheats
Victory
Defeat
🇳🇴 Danes · Norway
1040
+16
🇩🇪 Magyars · Germany
1048
-16
sog
3:41 Loom
13:37 Feudal Age
14:10 Man-at-Arms
14:41 Arson
19:10 Scale Mail Armor
20:44 Forging
23:52 Castle Age
22:59 Double-Bit Axe
23:31 Horse Collar
23:55 Fletching
25:10 Pikeman
25:50 Squires
26:47 Long Swordsman
29:50 Chain Mail Armor
32:36 Iron Casting
34:26 Gold Mining
34:27 Stone Mining
tobesch
8:37 Loom
11:19 Feudal Age
11:44 Double-Bit Axe
11:40 Horse Collar
19:36 Wheelbarrow
22:46 Castle Age
22:11 Scale Barding Armor
22:40 Bloodlines
25:25 Light Cavalry
29:55 Fletching
32:15 Bodkin Arrow
32:22 Padded Archer Armor
Connection lost

Rejoining the realm…

Still unreachable

The connection could not be restored.

Session expired

The server has moved on; the page needs a fresh start.